 Dungeon Crawl Stone Soup version 0.31-a0-986-g5e6e4ef867 (webtiles) character file.

Game seed: 10740385842828355685

91 Dittersdorf the Shield-Bearer (level 4, -5/29 HPs)
             Began as a Gargoyle Fighter on Nov 6, 2023.
             Slain by an ogre
             ... wielding a +0 giant club
              (20 damage)
             ... on level 4 of the Dungeon.
             The game lasted 00:02:41 (2975 turns).

Dittersdorf the Shield-Bearer (Gargoyle Fighter)    Turns: 2975, Time: 00:02:42

Health: -5/29      AC: 15    Str: 26    XL:     4   Next: 57%
Magic:  4/4        EV: 10    Int:  8    God:
Gold:   156        SH:  5    Dex: 12    Spells: 3/3 levels left

rFire   + . .        a - +0 flail
rCold   + . .        c - +0 buckler
rNeg    + + .        k - +3 leather armour of the Cockatrice {rC+ Dex+3 Stlth+}
rPois   ∞            r - +2 helmet of the Riding Gods {rPois rF+ Str+4}
rElec   +            t - +0 cloak
rCorr   .            (no gloves)
SInv    .            p - +0 pair of boots
Will    .....        (no amulet)
Stlth   ++           q - ring of positive energy
HPRegen 0.24/turn    (no ring)
MPRegen 0.09/turn

%: no passive effects
@: no status effects
A: sickness immunity, AC +3, negative energy resistance 1, electricity
resistance, torment resistance 1, petrification resistance
a: no special abilities


You were on level 4 of the Dungeon.
You visited 1 branch of the dungeon, and saw 4 of its levels.

You collected 156 gold pieces.

Inventory:

Hand Weapons
 a - a +0 flail (weapon)
Missiles
 h - 10 poisoned darts (quivered)
Armour
 c - a +0 buckler (worn)
 g - a +1 chain mail
 k - the +3 leather armour of the Cockatrice (worn) {rC+ Dex+3 Stlth+}
   (You found it on level 4 of the Dungeon)

   Dex+3:     It affects your dexterity (+3).
   rC+:       It protects you from cold.
   Stlth+:    It makes you more stealthy.
 p - a +0 pair of boots (worn)
 r - the +2 helmet of the Riding Gods (worn) {rPois rF+ Str+4}
   (You found it on level 3 of the Dungeon)

   Str+4:     It affects your strength (+4).
   rF+:       It protects you from fire.
   rPois:     It protects you from poison
 t - a +0 cloak (worn)
Jewellery
 q - a ring of positive energy (left hand)
Scrolls
 f - 2 scrolls of teleportation
 m - a scroll of enchant armour
 n - a scroll of vulnerability {unknown}
 o - a scroll of silence {unknown}
Potions
 b - 2 potions of brilliance {unknown}
 d - a potion of might
 e - 5 potions of curing {unknown}
 i - a potion of heal wounds {unknown}
 l - 2 potions of berserk rage {unknown}
 s - a potion of enlightenment {unknown}


   Skills:
 + Level 4.0 Fighting
 + Level 2.8 Maces & Flails
 + Level 4.0 Armour
 + Level 4.1 Shields


You had 3 spell levels left.
You didn't know any spells.
Your spell library was empty.

Dungeon Overview and Level Annotations

Branches:
Dungeon (4/15)
 Temple: D:4-7

Altars:
Yredelemnul


Innate Abilities, Weirdness & Mutations

You are immune to sickness and miasma.
Your stone body is resilient. (AC +3)
You are immune to poison.
You resist negative energy. (rN+)
You are resistant to electric shocks. (rElec)
You are resistant to unholy torment.
You are immune to petrification.


Message History

No target in view!
No target in view!
No target in view!
No target in view!
No target in view!
No target in view!
No target in view!
No target in view!
No target in view!
No target in view!
No target in view!
No target in view!
No target in view!
You see here a dart slug corpse.
You now have 140 gold pieces (gained 14).
Found a stone staircase leading down.
There is a stone staircase leading down here.
You open the door.
You now have 156 gold pieces (gained 16).
An ogre comes into view. It is wielding a +0 giant club.
The ogre shouts!
Throw: 11 darts (poison)
Press: ? - help, Q - select action Shift-Dir - straight line, f - ogre
Aim: an ogre, wielding a +0 giant club (72% to hit)
You throw a poisoned dart. The poisoned dart hits the ogre.
The ogre is poisoned.
You sock the ogre!
The ogre is heavily wounded.
The ogre hits you with a +0 giant club!
You barely miss the ogre.
The ogre is heavily wounded.
The ogre completely misses you.
You hit the ogre.
The ogre is severely wounded.
The ogre hits you with a +0 giant club.
You sock the ogre!
The ogre is almost dead.
The ogre hits you with a +0 giant club!!
Ouch! That really hurt!
You die...

#####.# #########.
#.# #.....###. #.#
#.###.###. #.#
#.###.##..
#.#######
#..<#....#
#.......#
########.#
#######.# #####.#
#...# #####.# #@###
#####.# #O# #.. #(#
### #.# #.#******
#..,,,,,**********
*****
*###****,*,,,,,,,,*
,,,<*
*,,,,,,,,+,,,,,,,,*
******
*,******,*,,,,,,,,*


You could see an ogre (poisoned).

Vanquished Creatures
  2 adders (D:3)
  2 dart slugs
  13 endoplasms
  A giant cockroach (D:3)
  6 hobgoblins
  8 jackals
  7 kobolds
  2 quokkas
  5 ball pythons
  3 bats
  5 frilled lizards
  3 goblins
  3 rats
  A spectral orc (D:3)
61 creatures vanquished.

Notes
Turn   | Place    | Note
-------+----------+-------------------------------------------
     0 | D:1      | Dittersdorf the Gargoyle Fighter began the quest for the
                  | Orb.
     0 | D:1      | Reached XP level 1. HP: 14/14 MP: 1/1
   137 | D:1      | Reached XP level 2. HP: 8/19 MP: 2/2
   584 | D:1      | Reached XP level 3. HP: 18/23 MP: 3/3
  1411 | D:2      | Found a faded altar of an unknown god.
  1818 | D:3      | Reached XP level 4. HP: 29/29 MP: 4/4
  1973 | D:3      | Identified the +2 helmet of the Riding Gods {rPois rF+
                  | Str+4}
  2229 | D:3      | Found a basalt altar of Yredelemnul.
  2835 | D:4      | Identified the +3 leather armour of the Cockatrice {rC+
                  | Dex+3 Stlth+}
  2969 | D:4      | Noticed an ogre
  2975 | D:4      | Slain by an ogre

Illustrated notes

Levels and vault maps discovered:
D:1:      dpeg_arrival_lava_temple_mockup, layout_loops_ring
D:2:      layout_basic, basic_ecumenical_altar, minmay_door_square,
          wander_ebering_terrifying_dragon_lair
D:3:      layout_loops_ring, yredelemnul_forgotten_temple_becter,
          serial_bayou_lagoon_b
D:4:      layout_basic

Skill      XL: |  1  2  3  4 |
---------------+-------------+-----
Shields        | 4 |  4.1
Armour         | 4 |  4.0
Fighting       | 4 |  4.0
Maces & Flails | |  2.8

Action                     |  1- 3 |  4- 6 || total
---------------------------+-------+-------++-------
  Melee: Flail             |   121 |    42 ||   163
  Throw: Dart              |       |     1 ||     1
    Use: Scroll            |       |     5 ||     5
 Armour: Scale mail        |     7 |       ||     7
         Chain mail        |    88 |    27 ||   115
         Leather armour    |       |     3 ||     3
  Dodge: Dodged            |    55 |    13 ||    68
  Block: Buckler           |    38 |     1 ||    39

Table legend: (Time is in decaauts)
 A = Elapsed time spent in this place.
 B = Non-inter-level travel time spent in this place.
 C = Inter-level travel time spent in this place.
 D = Time resting spent in this place.
 E = Time spent auto-exploring this place.
 F = Levels seen in this place.
 G = Mean time per level.
                   A        B        C        D        E       F      G
               +--------+--------+--------+--------+--------+-----+--------+
         Total |   3044 |   2794 |    250 |      2 |   2313 |   4 |  761.0 |
       Dungeon |   3044 |   2794 |    250 |      2 |   2313 |   4 |  761.0 |
               +--------+--------+--------+--------+--------+-----+--------+

Top non-repeatable levels by time:
     D:2: 967 daAuts
     D:3: 921 daAuts
     D:1: 878 daAuts
     D:4: 277 daAuts
